 Dungeon Crawl Stone Soup version 0.23-a0-8-gb809bb7 (webtiles) character file.

13271 galech the Cleaver (level 11, -12/101 HPs)
             Began as a Minotaur Fighter on Aug 1, 2018.
             Was a High Priest of Makhleb.
             Killed by Ozocubu's Refrigeration
             ... invoked by Fannar
              (23 damage)
             ... on level 11 of the Dungeon.
             The game lasted 00:16:04 (10186 turns).

galech the Cleaver (Minotaur Fighter)              Turns: 10186, Time: 00:16:05

Health: -12/101    AC: 18    Str: 20 (22) XL:     11   Next: 73%
Magic:  15/15      EV:  8    Int:  4 (5)  God:    Makhleb [*****.]
Gold:   598        SH: 15    Dex: 11 (12) Spells: 10/10 levels left

rFire    . . .     SeeInvis .   a - +0 war axe
rCold    . . .     Gourm    .   c - +0 shield
rNeg     . . .     Faith    .   J - +3 chain mail
rPois    .         Spirit   .   (helmet restricted)
rElec    .         Reflect  +   (no cloak)
rCorr    +         Harm     .   e - +1 pair of gloves {archery}
MR       .....                  t - +0 pair of boots
Stlth    ..........             y - +3 amulet of reflection
HPRegen  0.26/turn              N - ring of resist corrosion
MPRegen  0.14/turn              (no ring)

@: no status effects
A: retaliatory headbutt, horns 2
a: Minor Destruction, Lesser Servant of Makhleb, Major Destruction, Greater
Servant of Makhleb, Renounce Religion


You were on level 11 of the Dungeon.
You worshipped Makhleb.
Makhleb was extremely pleased with you.
You were not hungry.

You visited 2 branches of the dungeon, and saw 12 of its levels.

You collected 598 gold pieces.

Inventory:

Hand Weapons
 a - a +0 war axe (weapon)
 A - the +2 whip "Orb Guardian's Bane" {slash, Str-5 Int+5}
   (You found it on level 5 of the Dungeon)

   It inflicts extra damage upon your enemies.
   It affects your strength (-5).
   It affects your intelligence (+5).
Armour
 b - a +0 scale mail
 c - a +0 shield (worn)
 e - a +1 pair of gloves of archery (worn)
 t - a +0 pair of boots (worn)
 E - a +0 plate armour
 G - the +0 plate armour of Marbles {rC+ rCorr Dex-3}
   (You found it on level 6 of the Dungeon)

   It affects your dexterity (-3).
   It protects you from cold.
   It provides partial protection from all sources of acid and corrosion.
 J - a +3 chain mail (worn)
Jewellery
 y - a +3 amulet of reflection (around neck)
 N - a ring of resist corrosion (left hand)
Wands
 v - a wand of polymorph (1)
 L - a wand of iceblast (33)
 O - a wand of digging (22)
 P - a wand of flame (25)
Scrolls
 g - 4 scrolls of remove curse
 h - 2 scrolls of magic mapping {unknown}
 k - 6 scrolls of enchant armour {unknown}
 l - 6 scrolls of teleportation
 n - 4 scrolls of noise {unknown}
 q - 7 scrolls of identify {unknown}
 u - a scroll of fog {unknown}
 z - a scroll of fear {unknown}
 B - 2 scrolls of random uselessness {unknown}
 C - 2 scrolls of holy word {unknown}
 D - 2 scrolls of amnesia {unknown}
 F - 2 scrolls of enchant weapon {unknown}
 I - a scroll of vulnerability {unknown}
 S - a scroll of blinking {unknown}
Potions
 d - 2 potions of might
 i - 3 potions of agility
 j - 3 potions of haste
 m - 3 potions of degeneration
 o - a potion of berserk rage {unknown}
 p - 2 potions of flight {unknown}
 s - a potion of resistance {unknown}
 w - 2 potions of lignification {unknown}
 x - a potion of mutation {unknown}
 K - a potion of curing {unknown}
 M - 2 potions of invisibility {unknown}
 Q - a potion of ambrosia {unknown}
 R - a potion of magic {unknown}
Comestibles
 f - 23 rations
 H - 7 chunks of flesh


   Skills:
 + Level 10.3 Fighting
 + Level 11.7 Axes
 + Level 10.8 Armour
 - Level 2.5 Dodging
 - Level 0.5 Stealth
 + Level 10.5 Shields
 - Level 0.2 Unarmed Combat
 + Level 7.1 Invocations


You had 10 spell levels left.
You didn't know any spells.
Your spell library contained the following spells:

 Spells                   Type           Power        Failure   Level  Hunger
 Fireball                 Conj/Fire      #.........   100%        5    ######.
 Conjure Flame            Conj/Fire      #.......     100%        3    ####...
 Bolt of Fire             Conj/Fire      #.........   100%        6    #######
 Throw Flame              Conj/Fire      #.....       100%        2    ###....
 Ring of Flames           Chrm/Fire      #.........   100%        7    #######
 Animate Dead             Necr           N/A          100%        4    #####..
 Pain                     Necr           #...         100%        1    ##.....
 Animate Skeleton         Necr           N/A          100%        1    ##.....
 Vampiric Draining        Necr           #.........   100%        3    ####...
 Sticky Flame             Conj/Fire      #.......     100%        4    #####..
 Regeneration             Chrm/Necr      #.........   100%        3    ####...
 Spider Form              Tmut/Pois      #.........   100%        3    ####...
 Blade Hands              Tmut           #.........   100%        5    ######.
 Ice Form                 Ice/Tmut       #.......     100%        4    #####..
 Flame Tongue             Conj/Fire      #....        100%        1    ##.....
 Ignite Poison            Fire/Tmut/Pois #.......     100%        3    ####...
 Sticks to Snakes         Tmut           #.......     100%        2    ###....
 Inner Flame              Hex/Fire       #.......     100%        3    ####...
 Beastly Appendage        Tmut           #.....       100%        1    ##.....
 Ignition                 Fire           #.........   100%        8    #######


Dungeon Overview and Level Annotations

Branches:
Dungeon (11/15)            Temple (1/1) D:6            Lair (0/6) D:10
    Orc: D:9-12

Altars:
Ashenzari
Dithmenos
Elyvilon
Fedhas
Gozag
Kikubaaqudgha
Makhleb
Nemelex Xobeh
Okawaru
Qazlal
Ru
Sif Muna
Trog
Uskayaw
Vehumet
Xom
Yredelemnul
Zin
The Shining One

Annotations:
D:10 2 transporters, melvinkitnick's ghost, journeyman OpAs
D:11 Fannar


Innate Abilities, Weirdness & Mutations

You reflexively headbutt those who attack you in melee.
You have a pair of horns on your head.


Message History

Fannar is severely wounded.
You slash the centaur warrior skeleton!
You destroy the centaur warrior skeleton!
Makhleb accepts your kill. You block Fannar's attack.
You hit Fannar but do no damage.
Fannar is severely wounded.
Fannar gestures wildly while chanting.
Fannar blinks!
Fannar gestures wildly while chanting.
Fannar drains the heat from the surrounding environment!
You feel very cold.
* * * LOW HITPOINT WARNING * * *
Fannar is frozen.
Fannar resists.
Fannar is severely wounded.
Unknown command.
Fannar gestures wildly while chanting.
Fannar drains the heat from the surrounding environment!
You feel very cold.
You die...

..##...............
#.......<..........
####(...)....##.#..
##...........#..
##............. .
#....[......#.# #..
#....<....#.e.# ....
#.....[...##..###.....
##.###.#.##...@....#
###..###...##.#....###
#...............##.#
..###......###### .#
.##...##†.###### .#
###.###.......... .#
##..# #.....####. ..
...## #......># #.
.######.....#... .


You could see Fannar.

Vanquished Creatures
  Erica (D:9)
  A two-headed ogre (D:9)
  An unseen horror (D:10)
  A wizard (D:9)
  An ugly thing (D:10)
  Psyche (D:10)
  A gargoyle (D:10)
  2 kobold demonologists (D:11)
  A hornet (D:11)
  10 yaks
  A hungry ghost (D:10)
  3 wargs (D:10)
  Menkaure (D:6)
  2 water moccasins
  11 orc warriors
  A phantom (D:8)
  7 ogres
  3 sky beasts
  3 centaurs
  5 big kobolds
  11 bullfrogs
  A gnoll sergeant (D:9)
  5 scorpions
  4 killer bees (D:9)
  A wight (D:9)
  4 howler monkeys
  7 crimson imps
  2 bullfrog zombies
  14 orc priests
  3 centaur zombies
  5 hounds
  A jelly (D:10)
  5 iguanas
  2 bullfrog skeletons
  4 centaur skeletons
  13 orc wizards
  Terence (D:3)
  6 worker ants
  A hound zombie (D:5)
  A hound skeleton (D:4)
  A worker ant zombie (D:8)
  Robin (D:3)
  9 gnolls
  17 adders
  4 shadow imps
  An ooze (D:2)
  An adder skeleton (D:7)
  9 worms
  5 leopard geckos
  41 orcs
  5 giant cockroaches
  8 goblins
  11 hobgoblins
  13 jackals
  32 kobolds
  4 quokkas
  2 ball pythons
  10 bats
  4 frilled lizards
  A jackal skeleton (D:4)
  A leopard gecko skeleton (D:5)
  A quokka skeleton (D:7)
  2 quokka zombies
  11 rats
342 creatures vanquished.

Vanquished Creatures (others)
  2 centaurs
2 creatures vanquished.

Grand Total: 344 creatures vanquished

Notes
Turn   | Place    | Note
-------+----------+-------------------------------------------
     0 | D:1      | galech the Minotaur Fighter began the quest for the Orb.
     0 | D:1      | Reached XP level 1. HP: 19/19 MP: 0/0
    67 | D:1      | Reached XP level 2. HP: 23/27 MP: 1/1
   504 | D:2      | Reached XP level 3. HP: 31/33 MP: 2/2
   521 | D:2      | Reached skill level 3 in Axes
   530 | D:2      | Reached XP level 4. HP: 30/40 MP: 3/3
   679 | D:2      | Reached skill level 4 in Axes
  1205 | D:3      | Reached XP level 5. HP: 47/47 MP: 4/4
  1271 | D:3      | Reached skill level 1 in Dodging
  1332 | D:3      | Noticed Robin
  1351 | D:3      | Killed Robin
  1622 | D:3      | Noticed Terence
  1631 | D:3      | Killed Terence
  1906 | D:4      | Reached skill level 5 in Armour
  1906 | D:4      | Reached XP level 6. HP: 53/53 MP: 5/5
  1913 | D:4      | Reached skill level 5 in Axes
  1967 | D:4      | Found a white marble altar of Elyvilon.
  2018 | D:4      | Reached skill level 5 in Shields
  2315 | D:4      | Reached skill level 6 in Axes
  2378 | D:4      | Reached XP level 7. HP: 60/60 MP: 6/6
  2712 | D:5      | Entered Level 5 of the Dungeon
  2756 | D:5      | Reached skill level 5 in Fighting
  2968 | D:5      | Reached skill level 7 in Axes
  3038 | D:5      | Noticed a moth of wrath
  3041 | D:5      | Found a bloodstained altar of Trog.
  3076 | D:5      | Got an encrusted whip
  3077 | D:5      | Identified the cursed +2 whip "Orb Guardian's Bane" {slash, Str-5 Int+5} (You found it on level 5 of the Dungeon)
  3117 | D:5      | Reached XP level 8. HP: 50/68 MP: 7/7
  3414 | D:6      | Reached skill level 8 in Axes
  3746 | D:6      | Found a staircase to the Ecumenical Temple.
  3766 | Temple   | Entered the Ecumenical Temple
  3856 | Temple   | Became a worshipper of Makhleb the Destroyer
  3985 | D:6      | Reached skill level 1 in Invocations
  4661 | D:6      | Got a twisted plate armour
  4680 | D:6      | Identified the +0 plate armour of Marbles {rC+ rCorr Dex-3} (You found it on level 6 of the Dungeon)
  4717 | D:6      | Reached XP level 9. HP: 78/78 MP: 9/9
  4739 | D:6      | Noticed Menkaure
  4754 | D:6      | Killed Menkaure
  4754 | D:6      | Reached skill level 9 in Axes
  5071 | D:7      | Reached * piety under Makhleb
  6080 | D:9      | Reached ** piety under Makhleb
  6593 | D:9      | Reached skill level 10 in Axes
  6593 | D:9      | Reached XP level 10. HP: 33/88 MP: 12/12
  7324 | D:9      | Noticed a wizard
  7336 | D:9      | Paralysed by a wizard for 6 turns
  7347 | D:9      | Killed a wizard
  7375 | D:9      | Reached skill level 5 in Invocations
  7380 | D:9      | Reached *** piety under Makhleb
  7486 | D:9      | Noticed Erica
  7516 | D:9      | Killed Erica
  7656 | D:9      | Noticed a two-headed ogre
  7664 | D:9      | Killed a two-headed ogre
  8360 | D:10     | Entered Level 10 of the Dungeon
  8369 | D:10     | Found a shadowy altar of Dithmenos.
  8467 | D:10     | Noticed Psyche
  8470 | D:10     | Reached XP level 11. HP: 97/97 MP: 14/14
  8477 | D:10     | Killed Psyche
  8477 | D:10     | Reached skill level 11 in Axes
  8691 | D:10     | Found a transporter.
  8692 | D:10     | Noticed a two-headed ogre
  8692 | D:10     | Noticed melvinkitnick's ghost (journeyman OpAs)
  8692 | D:10     | Noticed a two-headed ogre
  8693 | D:10     | Found a transporter.
  8694 | D:10     | Noticed a two-headed ogre
  8718 | D:10     | Reached skill level 10 in Armour
  8729 | D:10     | Reached **** piety under Makhleb
  8784 | D:10     | Found a staircase to the Lair.
  8791 | D:10     | Killed an unseen horror
  8798 | D:10     | Reached skill level 10 in Shields
  9353 | D:11     | Noticed a purple ugly thing
  9518 | D:10     | Killed a purple ugly thing
  9518 | D:10     | Reached skill level 10 in Fighting
  9614 | D:11     | Noticed a sun demon
 10081 | D:11     | Reached ***** piety under Makhleb
 10162 | D:11     | Noticed Fannar
 10186 | D:11     | Killed from afar by Fannar

Vault maps used:
D:1:      dpeg_arrival_pits, serial_park_tiny_2
D:2:      first_ration
D:3:      uniq_robin, uniq_terence
D:4:      lemuel_statue_altar
D:5:      tgw_trog
D:6:      minmay_temple_entry_hall, uniq_menkaure
D:9:      blue_anna_alchemist, hangedman_corner_corridor, uniq_erica
D:10:     erik_lair_orcish_takeover, gammafunk_ghost_smash,
          grunt_dithmenos_shadows, uniq_psyche
D:11:     hiddenorc2_lemuel, basic_altar, uniq_fannar
Temple:   kilobyte_greek_temple

Skill      XL: |  1  2  3  4  5  6  7  8  9 10 11 |
---------------+----------------------------------+-----
Shields        | 4 5 6 8 9 10 | 10.5
Fighting       | 4 5 6 7 9 10 | 10.3
Armour         | 4 5 7 8 9 10 | 10.8
Axes           | 3 4 6 7 8 10 11 | 11.7
Dodging        | 1 2 |  2.5
Invocations    | 2 4 5 7 |  7.1
Stealth        | |  0.5
Unarmed Combat | |  0.2

Action                   |  1- 3 |  4- 6 |  7- 9 | 10-12 || total
-------------------------+-------+-------+-------+-------++-------
Melee: War axe           |    56 |   171 |   395 |   531 ||  1153
       Headbutt          |     9 |    23 |    69 |   103 ||   204
       Unarmed           |       |     2 |       |       ||     2
  Use: Scroll            |       |       |     2 |     2 ||     4
       Potion            |       |       |       |     5 ||     5
  Eat: Chunk             |       |     5 |    14 |    15 ||    34
       Ration            |       |       |       |     1 ||     1
Armor: Scale mail        |    42 |    79 |    35 |       ||   156
       Plate armour      |       |       |    85 |       ||    85
       Chain mail        |       |       |    33 |   208 ||   241
Dodge: Dodged            |    31 |    59 |    94 |    93 ||   277
Block: Shield            |    30 |   109 |   281 |   339 ||   759
       Reflection        |       |       |    12 |     9 ||    21

Table legend:
 A = Spawn XP
 B = Non-spawn XP
 C = Spawn XP percentage of total XP
 D = Spawn monster count
 E = Non-spawn monster count
 F = Spawn count percentage of total count
 G = Total turns spent on level
                    A         B        C        D         E        F      G
               +---------+---------+-------+---------+---------+-------+---------
         Total |       0 |   18959 |   0.0 |       0 |     344 |   0.0 | 10186
               +---------+---------+-------+---------+---------+-------+---------
           D:1 |       0 |      34 |   0.0 |       0 |      22 |   0.0 |   464
           D:2 |       0 |     151 |   0.0 |       0 |      31 |   0.0 |   686
           D:3 |       0 |     113 |   0.0 |       0 |      29 |   0.0 |   517
           D:4 |       0 |     468 |   0.0 |       0 |      21 |   0.0 |  1045
           D:5 |       0 |     660 |   0.0 |       0 |      22 |   0.0 |   620
           D:6 |       0 |    1570 |   0.0 |       0 |      31 |   0.0 |  1565
           D:7 |       0 |    1381 |   0.0 |       0 |      36 |   0.0 |   747
           D:8 |       0 |     807 |   0.0 |       0 |      15 |   0.0 |  1275
           D:9 |       0 |    5662 |   0.0 |       0 |      65 |   0.0 |  1316
          D:10 |       0 |    5844 |   0.0 |       0 |      55 |   0.0 |  1585
          D:11 |       0 |    2269 |   0.0 |       0 |      17 |   0.0 |   241
               +---------+---------+-------+---------+---------+-------+---------
